 Dungeon Crawl Stone Soup version 0.26.0-10-g1f06aea511 (webtiles) character file.

Game seed: 1137230914934297617

17 Borgoz the Slasher (level 2, -1/25 HPs)
             Began as a Ghoul Gladiator on Jan 13, 2021.
             Slain by Natasha (9 damage)
             ... on level 2 of the Dungeon.
             The game lasted 00:00:34 (1041 turns).

Borgoz the Slasher (Ghoul Gladiator)                Turns: 1041, Time: 00:00:35

Health: -1/25      AC:  4    Str: 17    XL:     2   Next: 62%
Magic:  1/1        EV: 12    Int:  3    God:
Gold:   38         SH:  0    Dex: 10    Spells: 1/1 levels left

rFire    . . .     SeeInvis .   a - +0 long sword
rCold    + . .     Faith    .   (no shield)
rNeg     + + +     Spirit   .   b - +0 leather armour
rPois    ∞         Reflect  .   c - +0 helmet
rElec    .         Harm     .   (no cloak)
rCorr    .         Rampage  .   (no gloves)
Will     .....                  (no boots)
Stlth    +.........             (no amulet)
HPRegen  0.00/turn              (no ring)
MPRegen  0.07/turn              (no ring)

@: slowed, very slow
A: claws 1, cold resistance 1, negative energy resistance 3, inhibited
regeneration, torment resistance, unbreathing
a: no special abilities


You were on level 2 of the Dungeon.
You visited 1 branch of the dungeon, and saw 2 of its levels.

You collected 38 gold pieces.

Inventory:

Hand Weapons
 a - a +0 long sword (weapon)
Missiles
 d - 3 throwing nets (quivered)
Armour
 b - a +0 leather armour (worn)
 c - a +0 helmet (worn)
Jewellery
 m - a +4 ring of evasion {unknown}
Scrolls
 e - 2 scrolls of teleportation {unknown}
 g - 2 scrolls of identify {unknown}
 k - 3 scrolls of noise {unknown}
 l - a scroll of remove curse {unknown}
Potions
 f - a potion of haste {unknown}
 h - a potion of might {unknown}
 i - a potion of curing {unknown}
 j - a potion of flight {unknown}


   Skills:
 + Level 2.4 Fighting
 * Level 3.0 Long Blades
 - Level 1.7 Throwing
 * Level 0.8 Armour
 * Level 2.9 Dodging


You had one spell level left.
You didn't know any spells.
Your spell library was empty.

Dungeon Overview and Level Annotations

Branches:
Dungeon (2/15)

Altars:

Annotations:
D:2 Natasha


Innate Abilities, Weirdness & Mutations

You thrive by killing the living.
You are immune to poison.
You have sharp fingernails.
Your flesh is cold resistant. (rC+)
You are immune to negative energy. (rN+++)
You do not regenerate when monsters are visible.
You are immune to unholy pain and torment.
You can survive without breathing.


Message History

The crimson imp picks up a beetle and eats it.
Natasha barely misses you. The shadow imp barely misses you.
Natasha barely misses you.
You riposte.
You hit Natasha.
Natasha is heavily wounded.
You hit Natasha but do no damage.
Natasha is heavily wounded.
The shadow imp misses you.
You riposte.
You barely miss the shadow imp. Natasha barely misses you.
The shadow imp completely misses you. The crimson imp barely misses you.
You hit Natasha.
Natasha is severely wounded.
Natasha stares at you and mumbles some strange words.
You resist with significant effort. The shadow imp hits you.
The crimson imp blinks!
Natasha casts a spell at you. The magic dart hits you. The shadow imp hits you.
You hit Natasha but do no damage.
Natasha is severely wounded.
Natasha claws you!
You die...

##.#.#.####.#
#..##.#.#....#.#
#..##.#.####.#.#
#.........##.#.#
#5..#........#.###
#######................[
......................#.
##....5.###############.
...>..h@'....# #.
........####.# #.
#.#+########.# #. #
#....# #. ..#####.####
#. #.......# #.
#.......# #. #.......#
#. #.......# #.


You could see Natasha, a crimson imp (summoned) and a shadow imp (summoned).

Vanquished Creatures
  An adder (D:2)
  A goblin (D:1)
  A hobgoblin (D:1)
  2 kobolds (D:1)
  3 bats (D:1)
  A rat (D:1)
9 creatures vanquished.

Notes
Turn   | Place    | Note
-------+----------+-------------------------------------------
     0 | D:1      | Borgoz the Ghoul Gladiator began the quest for the Orb.
     0 | D:1      | Reached XP level 1. HP: 17/17 MP: 0/0
     2 | D:1      | Noticed a formicid
     2 | D:1      | Noticed a draconian
     4 | D:1      | Noticed a ghoul
     4 | D:1      | Noticed a naga
     6 | D:1      | Noticed a tengu
     6 | D:1      | Noticed a centaur
     8 | D:1      | Noticed an octopode
    10 | D:1      | Noticed a felid
    10 | D:1      | Noticed a gargoyle
    12 | D:1      | Noticed an elf
    12 | D:1      | Noticed a merfolk
    14 | D:1      | Noticed a halfling
    16 | D:1      | Noticed a dwarf
    16 | D:1      | Noticed a troll
    18 | D:1      | Noticed a spriggan
    18 | D:1      | Noticed a demonspawn
    20 | D:1      | Noticed a vine stalker
    20 | D:1      | Noticed a minotaur
    22 | D:1      | Noticed an ogre
    24 | D:1      | Noticed a demigod
    24 | D:1      | Noticed a vampire
    26 | D:1      | Noticed a human
   520 | D:1      | Reached XP level 2. HP: 20/25 MP: 1/1
   890 | D:2      | Reached skill level 3 in Long Blades
  1029 | D:2      | Noticed Natasha
  1034 | D:2      | Noticed a crimson imp
  1041 | D:2      | Slain by Natasha

Illustrated notes

Levels and vault maps discovered:
D:1:      kb_arrival_jail, layout_basic
D:2:      layout_basic, uniq_sigmund, uniq_robin, uniq_natasha

Skill      XL: |  1  2 |
---------------+-------+-----
Long Blades    | 3 |  3.0
Fighting       | |  2.4
Throwing       | |  1.7
Armour         | |  0.8
Dodging        | |  2.9

Action                   || total
-------------------------++-------
Melee: Long sword        ||    44
Armor: Leather armour    ||    14
Dodge: Dodged            ||    40
       Rpst.: Long sword ||    11
